 Dungeon Crawl Stone Soup version 0.31-a0-636-ge1c0e020e0 (webtiles) character file.

Game seed: 2981407990054040775

60 rvierbuc the Digger (level 4, -7/27 HPs)
             Began as an Octopode Earth Elementalist on Aug 26, 2023.
             Mangled by Terence
             ... wielding a +2 mace of protection
              (14 damage)
             ... on level 3 of the Dungeon.
             The game lasted 00:11:07 (1574 turns).

rvierbuc the Digger (Octopode Earth Elementalist)   Turns: 1574, Time: 00:11:07

Health: -7/27      AC:  1    Str:  7    XL:     4   Next: 6%
Magic:  14/17      EV: 13    Int: 19    God:
Gold:   92         SH:  0    Dex: 18    Spells: 4/8 levels left

rFire   . . .        (no weapon)
rCold   . . .        (no shield)
rNeg    . . .        (helmet currently unavailable)
rPois   .            (no amulet)
rElec   .            l - ring of magical power
rCorr   .            n - +6 ring of dexterity
SInv    .            (no ring)
Will    .....        (no ring)
Stlth   ++++         (no ring)
HPRegen 0.24/turn    (no ring)
MPRegen 0.15/turn    (no ring)
                     (no ring)

%: no passive effects
@: beast-form
A: beast (slay +0), almost no armour, amphibious, 8 rings, camouflage 1,
gelatinous body 1, (nimble swimmer 1), tentacles
a: Begin Untransformation


You were on level 3 of the Dungeon.
You were a hulking beast.
You visited 1 branch of the dungeon, and saw 3 of its levels.

You collected 92 gold pieces.

Inventory:

Hand Weapons
 i - a +2 dagger of draining
Missiles
 k - 2 datura-tipped darts
Armour
 f - a +0 cloak
Jewellery
 l - a ring of magical power (left tentacle)
 n - a +6 ring of dexterity (right tentacle)
Talismans
 d - a beast talisman (active)
Scrolls
 a - 2 scrolls of fear {unknown}
 c - a scroll of fog {unknown}
 h - a scroll of blinking {unknown}
 m - a scroll of identify {unknown}
Potions
 b - 5 potions of curing {unknown}
 e - a potion of brilliance {unknown}
 g - a potion of attraction {unknown}
 j - a potion of heal wounds {unknown}


   Skills:
 + Level 0.1 Fighting
 + Level 2.2 Dodging
 + Level 3.1 Stealth
 + Level 0.4 Unarmed Combat
 + Level 2.6 Spellcasting
 + Level 1.0 Transmutations
 + Level 3.9 Earth Magic


You had 4 spell levels left.
You knew the following spells:

 Your Spells              Type           Power      Damage    Failure   Level
a - Sandblast             Erth           34%        2d9       3%          1
b - Stone Arrow           Conj/Erth      20%        3d8       22%         3

Your spell library contained the following spells:

 Spells                   Type           Power      Damage    Failure   Level
 Passwall                 Tmut/Erth      9%         N/A       9%          2
 Kiss of Death            Conj/Necr      8%         2d6       16%         1
 Confusing Touch          Hex            2%         N/A       43%         3
 Petrify                  Tmut/Erth      11%        N/A       50%         4
 Dispel Undead            Necr           2%         3d7       83%         4


Dungeon Overview and Level Annotations

Branches:
Dungeon (3/15)

Altars:

Shops:
D:1 (   D:2 (

Annotations:
D:3 Terence


Innate Abilities, Weirdness & Mutations

You are a hulking beast.
Your limbs bulge with bestial killing power. (Slay +0)
You cannot wear most types of armour.
You are amphibious.
You can wear up to eight rings at the same time.
Your skin changes colour to match your surroundings (Stealth+).
Your rubbery body absorbs attacks. (AC +1, EV +1)
((You are camouflaged when in or above water. (Stealth+)))
You have tentacles for arms and can constrict up to eight enemies at once.


Message History

You have reached level 4!
A bat comes into view.
The blast of sand hits the bat!
You kill the bat!
Found Ozuf's Antique Weapon Emporium.
There is an entrance to Ozuf's Antique Weapon Emporium here.
Found a hand axe.
Found an escape hatch in the ceiling.
You see here a +0 hand axe.
Found a dagger.
There is an escape hatch in the ceiling here.
You see here a +0 dagger.
You see here 3 stones.
Done exploring.
Done exploring.
There is a stone staircase leading down here.
You climb downwards.
Found a leather armour.
There is a stone staircase leading up here.
There are monsters nearby!
The blast of sand hits the kobold.
You kill the kobold!
You can't see any susceptible monsters within range! (Use Z to cast anyway.)
You throw a datura-tipped dart. The datura-tipped dart hits Terence.
Terence flies into a frenzy!
Unknown command.
The blast of sand hits Terence but does no damage.
Terence shouts!
The blast of sand hits Terence but does no damage.
Terence barely misses you. Terence closely misses you.
The blast of sand hits Terence but does no damage.
Terence hits you with a +2 mace of protection!
A goblin comes into view. It is wielding a +0 dagger.
Terence hits you with a +2 mace of protection!
* * * LOW HITPOINT WARNING * * *
You are too injured to fight recklessly!
You are too injured to fight recklessly!
Terence hits you with a +2 mace of protection!
Ouch! That really hurt!
You die...

......
.....
###....
......
#.#..
#.#.#
#h#.#.#...
#)@.......
#.........
#...#..(..
#.... #.##
#..... #
[...g..
#.###..#
.. ..#


You could see a goblin (wandering) and the neutral Terence (fast, strong,
frenzied).

Vanquished Creatures
  2 dart slugs
  5 ball pythons
  5 endoplasms (D:1)
  6 goblins
  2 hobgoblins
  4 jackals (D:1)
  2 quokkas (D:1)
  8 bats
  2 frilled lizards (D:2)
  10 kobolds
  4 rats
50 creatures vanquished.

Notes
Turn   | Place    | Note
-------+----------+-------------------------------------------
     0 | D:1      | rvierbuc the Octopode Earth Elementalist began the quest
                  | for the Orb.
     0 | D:1      | Reached XP level 1. HP: 11/11 MP: 3/3
    38 | D:1      | Reached XP level 2. HP: 8/17 MP: 1/5
   252 | D:1      | Found Vuobroc's Weapon Shop.
   302 | D:1      | Reached XP level 3. HP: 21/21 MP: 3/6
   364 | D:1      | Learned a level 3 spell: Stone Arrow
  1368 | D:2      | Reached XP level 4. HP: 27/27 MP: 8/8
  1448 | D:2      | Found Ozuf's Antique Weapon Emporium.
  1568 | D:3      | Noticed Terence
  1574 | D:3      | Mangled by Terence

Illustrated notes

Levels and vault maps discovered:
D:1:      mainiacjoe_arrival_reflecting_pool, layout_rooms, serial_shops,
          nicolae_diamond_shop
D:2:      layout_loops_ring, serial_shops, nicolae_shop_pleasant_corner_grove,
          nicolae_eternal_life, minmay_pentomino_t2
D:3:      layout_basic, mainiacjoe_overflow_brackets,
          ebering_ecumenical_altar_abandoned, serial_rivers,
          chequers_serial_rivers_small_3, chequers_serial_rivers_micro_e,
          chequers_serial_rivers_small_3, chequers_serial_rivers_small_a,
          uniq_terence

Skill      XL: |  1  2  3 |
---------------+----------+-----
Stealth        | 3 |  3.1
Fighting       | |  0.1
Dodging        | |  2.2
Unarmed Combat | |  0.4
Spellcasting   | |  2.6
Transmutations | |  1.0
Earth Magic    | |  3.9

Action                     |  1- 3 |  4- 6 || total
---------------------------+-------+-------++-------
  Melee: Unarmed           |    28 |       ||    28
         Constrict         |     8 |       ||     8
         Tentacles         |     5 |       ||     5
         Punch             |     1 |       ||     1
  Throw: Dart              |       |     1 ||     1
   Cast: Sandblast         |    54 |     5 ||    59
    Use: Potion            |     1 |       ||     1
   Stab: Sleeping          |     1 |       ||     1
 Armour: Skin              |     6 |       ||     6
  Dodge: Dodged            |    36 |     2 ||    38
   Form: Beast             |     1 |       ||     1

Table legend: (Time is in decaauts)
 A = Elapsed time spent in this place.
 B = Non-inter-level travel time spent in this place.
 C = Inter-level travel time spent in this place.
 D = Time resting spent in this place.
 E = Time spent auto-exploring this place.
 F = Levels seen in this place.
 G = Mean time per level.
                   A        B        C        D        E       F      G
               +--------+--------+--------+--------+--------+-----+--------+
         Total |   1601 |   1569 |     32 |     64 |   1198 |   3 |  533.7 |
       Dungeon |   1601 |   1569 |     32 |     64 |   1198 |   3 |  533.7 |
               +--------+--------+--------+--------+--------+-----+--------+

Top non-repeatable levels by time:
     D:2: 889 daAuts
     D:1: 704 daAuts
     D:3: 7 daAuts
